 Dungeon Crawl Stone Soup version 0.30.0 (webtiles) character file.

Game seed: 129531963597833454

4 Meow the Conjurer (level 1, -2/15 HPs)
             Began as a Naga Conjurer on Dec 20, 2023.
             Slain by a worm (7 damage)
             ... on level 2 of the Dungeon.
             The game lasted 00:01:26 (1226 turns).

Meow the Conjurer (Naga Conjurer)                   Turns: 1226, Time: 00:01:27

Health: -2/15      AC:  1    Str:  9    XL:     1   Next: 70%
Magic:  1/3        EV:  9    Int: 18    God:
Gold:   45         SH:  0    Dex:  9    Spells: 3/4 levels left

rFire   . . .        a - +0 dagger
rCold   . . .        (no shield)
rNeg    . . .        e - +0 robe
rPois   +            (no helmet)
rElec   .            (no cloak)
rCorr   .            (no gloves)
SInv    +            (no barding)
Will    .....        (no amulet)
Stlth   ++           (no ring)
HPRegen 0.22/turn    (no ring)
MPRegen 0.08/turn

%: no passive effects
@: very slow
A: AC +0, large, see invisible, deformed body, poison resistance, slowness 2,
spit poison 1, naga tail 1
a: Spit Poison


You were on level 2 of the Dungeon.
You visited 1 branch of the dungeon, and saw 2 of its levels.

You collected 45 gold pieces.

Inventory:

Hand Weapons
 a - a +0 dagger (weapon)
Missiles
 f - 5 stones
Armour
 e - a +0 robe (worn)
Jewellery
 c - a +4 ring of slaying
Scrolls
 i - a scroll of torment {unknown}
Potions
 b - a potion of magic
 d - 2 potions of berserk rage {unknown}
 g - a potion of heal wounds {unknown}
 h - a potion of mutation {unknown}


   Skills:
 - Level 1.5 Dodging
 - Level 3.0 Stealth
 + Level 2.2 Spellcasting
 + Level 4.1 Conjurations


You had 3 spell levels left.
You knew the following spells:

 Your Spells              Type           Power      Damage    Failure   Level
a - Magic Dart            Conj           64%        1d6       3%          1

Your spell library contained the following spells:

 Spells                   Type           Power      Damage    Failure   Level
 Searing Ray              Conj           32%        2d5       4%          2
 Dazzling Flash           Conj/Hex       18%        N/A       22%         3
 Fulminant Prism          Conj/Hex       4%         3d5       58%         4
 Iskenderun's Mystic Bla  Conj/Tloc      9%         2d4       58%         4


Dungeon Overview and Level Annotations

Branches:
Dungeon (2/15)

Altars:
Uskayaw


Innate Abilities, Weirdness & Mutations

Your serpentine skin is tough. (AC +0)
You have supernaturally acute eyesight. (SInv)
Armour fits poorly on your strangely shaped body.
Your system is resistant to poisons. (rPois)
You cover ground very slowly.
You can spit poison.
You have a snake-like lower body.


Message History

Press: ? - help, Shift-Dir - straight line, f/p - worm
Aim: a worm (heavily wounded, 84% to hit)
The splash of poison hits the worm.
The worm is heavily wounded.
The worm closely misses you.
Unknown command.
Casting: Magic Dart (safe; 3% risk of failure)
Confirm with . or Enter, or press ? or * to list all spells.
Aiming: Magic Dart (safe; 3% risk of failure)
Press: ? - help, Shift-Dir - straight line, f/p - worm
Aim: a worm (heavily wounded, 100% to hit)
The magic dart hits the worm.
The worm is heavily wounded.
Casting: Magic Dart (safe; 3% risk of failure)
Confirm with . or Enter, or press ? or * to list all spells.
Aiming: Magic Dart (safe; 3% risk of failure)
Press: ? - help, Shift-Dir - straight line, f/p - worm
Aim: a worm (heavily wounded, 100% to hit)
The magic dart hits the worm.
The worm is heavily wounded.
Unknown command.
You hit the worm.
The worm is heavily wounded.
You have got your breath back.
The worm bites you!
Ouch! That really hurt!
* * * LOW HITPOINT WARNING * * *
Unknown command.
You hit the worm.
The worm is heavily wounded.
You hit the worm.
The worm is severely wounded.
The worm misses you.
Unknown command.
Unknown command.
Unknown command.
You barely miss the worm.
The worm is heavily wounded.
The worm bites you!
You die...

#####
###################......
..........#.......'......
#########....w#####......
#...#...@.# .....
##.#.#.....# ....
.....#.#'### #+#
#...#.#.# #.#.#.#.#
#####.#...#.#########
.....................
####..<..#.#########
####.##.#


You could see a worm.

Vanquished Creatures
  A goblin (D:2)
  2 ball pythons (D:1)
  2 kobolds (D:1)
5 creatures vanquished.

Notes
Turn   | Place    | Note
-------+----------+-------------------------------------------
     0 | D:1      | Meow the Naga Conjurer began the quest for the Orb.
     0 | D:1      | Reached XP level 1. HP: 15/15 MP: 3/3
  1132 | D:2      | Found a hide-covered altar of Uskayaw.
  1226 | D:2      | Slain by a worm

Illustrated notes

Levels and vault maps discovered:
D:1:      sevenhm_arrival_forest_fort_large_2, layout_basic, serial_park_tiny_2
D:2:      layout_basic, basic_altar, hellmonk_ecumenical_altar_heavens_door

Action                     || total
---------------------------++-------
  Melee: Dagger            ||     4
   Cast: Magic Dart        ||     7
Ability: Spit Poison       ||     4
  Dodge: Dodged            ||     2
